 Dungeon Crawl Stone Soup version 0.27.1-1-g398f81649c (webtiles) character file.

Game seed: 15520786098944745628

2 MajorAdolf the Ruffian (level 1, -2/19 HPs)
             Began as a Naga Wanderer on Sept 12, 2021.
             Slain by an endoplasm (3 damage)
             ... on level 1 of the Dungeon.
             The game lasted 00:00:41 (205 turns).

MajorAdolf the Ruffian (Naga Wanderer)               Turns: 205, Time: 00:00:42

Health: -2/19      AC:  1    Str: 15    XL:     1   Next: 30%
Magic:  1/1        EV:  9    Int: 11    God:
Gold:   0          SH:  0    Dex: 10    Spells: 0/0 levels left

rFire    . . .     SeeInvis +   a - +0 club
rCold    . . .     Faith    .   (no shield)
rNeg     . . .     Spirit   .   e - +0 robe
rPois    +         Reflect  .   (no helmet)
rElec    .         Harm     .   (no cloak)
rCorr    .         Rampage  .   (no gloves)
Will     .....                  (no barding)
Stlth    ++........             (no amulet)
HPRegen  0.06/turn              (no ring)
MPRegen  0.07/turn              (no ring)

@: very slow
A: AC +0, large, see invisible, deformed body, poison resistance, slowness 2,
spit poison 1, naga tail 1
a: Spit Poison


You were on level 1 of the Dungeon.
You visited 1 branch of the dungeon, and saw 1 of its levels.

Inventory:

Hand Weapons
 a - a +0 club (weapon)
Armour
 e - a +0 robe (worn)
Scrolls
 c - a scroll of teleportation
 f - a scroll of blinking
Potions
 b - a potion of haste
 d - a potion of curing


   Skills:
 + Level 2.2 Fighting
 - Level 2.0 Staves
 - Level 1.0 Dodging
 - Level 1.5 Stealth
 - Level 1.0 Shields
 - Level 3.0 Unarmed Combat


You couldn't memorise any spells.
You didn't know any spells.
Your spell library contained the following spells:

 Spells                   Type           Power      Damage    Failure   Level
 Ensorcelled Hibernation  Hex/Ice        0%         N/A       47%         2
 Spider Form              Tmut/Pois      0%         N/A       71%         3
 Shadow Creatures         Summ           N/A        N/A       100%        6


Dungeon Overview and Level Annotations

Branches:
Dungeon (1/15)

Altars:

Annotations:
D:1 exclusion: quokka


Innate Abilities, Weirdness & Mutations

Your serpentine skin is tough. (AC +0)
You have supernaturally acute eyesight. (SInv)
Armour fits poorly on your strangely shaped body.
Your system is resistant to poisons. (rPois)
You cover ground very slowly.
You can spit poison.
You have a snake-like lower body.


Message History

The goblin shouts!
Found a book of Dreams.
An endoplasm comes into view.
Found a faded altar of an unknown god.
The endoplasm quivers.
The endoplasm moves out of view.
You see here a book of Dreams.
You pick up a book of Dreams and begin reading...
You add the spells Ensorcelled Hibernation, Spider Form and Shadow Creatures to your library.
Unknown command.
An endoplasm is nearby!
Okay, then.
An endoplasm is nearby!
An endoplasm is nearby!
Unknown command.
Press: ? - help, Shift-Dir - straight line, f - endoplasm
Aim: an endoplasm The splash of poison hits the endoplasm.
The endoplasm completely resists.
The endoplasm freezes you.
You are frozen.
The endoplasm freezes you.
You are frozen.
The endoplasm hits you.
There is a dry fountain here.
You hit the endoplasm.
The endoplasm is moderately wounded.
You have got your breath back.
The endoplasm hits you.
You completely miss the endoplasm.
The endoplasm is moderately wounded.
The endoplasm freezes you.
You are frozen.
You hit the endoplasm.
The endoplasm is almost dead.
The endoplasm freezes you.
You are frozen.
* * * LOW HITPOINT WARNING * * *
The endoplasm hits you.
You die...

.......# ######.#
.....#.# ### .....#.#
#.. .....#.# #.# ##.
.....#.# #.# ..#.
.....#.# #.### .8..#
.....#.# #...####..8.#
#..###.#####.#.#@#∩#..
#.# #.......##.J.#_#
#. #######.##.8..##
#..#..8.⌠#
###.#...#..#
##.###...# ### #..#
..# .#


You could see an endoplasm.

Vanquished Creatures
  A frilled lizard (D:1)
  A kobold (D:1)
  A rat (D:1)
3 creatures vanquished.

Notes
Turn   | Place    | Note
-------+----------+-------------------------------------------
     0 | D:1      | MajorAdolf the Naga Wanderer began the quest for the Orb.
     0 | D:1      | MajorAdolf set off with the following items: a +0 club, a
                  | potion of haste, a scroll of teleportation, a potion of
                  | curing, a +0 robe, a scroll of blinking
     0 | D:1      | Reached XP level 1. HP: 19/19 MP: 1/1
   196 | D:1      | Found a faded altar of an unknown god.
   205 | D:1      | Slain by an endoplasm

Illustrated notes

Levels and vault maps discovered:
D:1:      tarquinn_simple_flora_water_e, layout_loops_ring,
          shapermc_ecumenical_altar_venn, serial_co_window_serial,
          co_window_paths_b, co_window_paths_a, co_window_paths_b,
          co_window_paths_a, co_window_of_opportunity_a, co_window_corner_a,
          co_window_corner_b, co_window_corner_cb, co_window_2corner,
          co_window_corner_ca, co_window_of_opportunity_b, co_window_corner_cb,
          co_window_4corner_a, glass_columns_a, glass_columns_c,
          glass_columns_b, glass_columns_a, glass_columns_b

Action                   || total
-------------------------++-------
Melee: Club              ||     4
 Abil: Spit Poison       ||     6
Dodge: Dodged            ||     1
